 Dungeon Sprint DCSS version 0.20.1-1-g8b1a95d (webtiles) character file.

56 JustSomeDude the Chopper (level 4, -2/36 HPs)
             Began as a Demonspawn Gladiator on Aug 30, 2017.
             Was an Initiate of Jiyva.
             Slain by an orc warrior
             ... wielding a +0 hand axe
              (3 damage)
             ... in the Dungeon (Sprint VI: "Thunderdome").
             The game lasted 00:07:56 (389 turns).

JustSomeDude the Chopper (Demonspawn Gladiator)      Turns: 389, Time: 00:07:57

Health: -2/36      AC:  4    Str: 12    XL:     4   Next: 54%
Magic:  4/4        EV: 15    Int:  9    God:    Jiyva [......]
Gold:   112        SH:  0    Dex: 18    Spells: 3/3 levels left

rFire    . . .     SeeInvis .   a - +0 war axe
rCold    . . .     Gourm    .   (no shield)
rNeg     . . .     Faith    .   b - +0 leather armour
rPois    .         Spirit   .   c - +0 helmet
rElec    .         Reflect  .   (no cloak)
rCorr    .         Harm     .   (no gloves)
MR       .....     NoTele   +   (no boots)
Stlth    +.........             (no amulet)
Regen    0.2/turn               (no ring)
MPRegen  0.1/turn               (no ring)

@: hasted, very quick
A: claws 2, agile 1, weak 1
a: Renounce Religion


You were in the Dungeon.
You worshipped Jiyva.
Jiyva was noncommittal.
You were not hungry.

You visited 1 branch You collected 280 gold pieces.
You spent 168 gold pieces at shops.

Inventory:

Hand Weapons
 a - a +0 war axe (weapon)
 j - a +0 whip
 r - a +0 dagger
 t - a +0 club
Missiles
 d - 3 throwing nets (quivered)
Armour
 b - a +0 leather armour (worn)
 c - a +0 helmet (worn)
 s - a +0 ring mail
Wands
 l - a wand of acid (5/15)
 m - a wand of iceblast (5/15)
 q - a wand of flame (4/48)
Scrolls
 k - 4 scrolls of blinking
 n - 3 scrolls of fog
Potions
 e - a potion of curing
 h - 2 potions of haste
 i - 2 potions of magic
 o - a potion of resistance
Comestibles
 f - a bread ration
 p - 4 chunks of flesh


   Skills:
 + Level 3.6 Fighting
 + Level 6.5 Axes
 + Level 2.5 Throwing
 + Level 1.8 Armour
 + Level 4.9 Dodging


You had 3 spell levels left.
You didn't know any spells.

Dungeon Overview and Level Annotations

Branches:
Dungeon (1/1)

Altars:
Cheibriados
Dithmenos
Fedhas
Gozag
Kikubaaqudgha
Makhleb
Okawaru
Qazlal
Ru
Sif Muna
Trog
Uskayaw
Vehumet
Xom
Yredelemnul
Zin
The Shining One
Beogh
Jiyva
Lugonu

Shops:
D *[%??*?*:[((!!!!


Innate Abilities, Weirdness & Mutations

You have very sharp fingernails.
You are agile. (Dex +2)
You are weak. (Str -2)


Message History

An orc warrior comes into view. It is wielding a trident.
The orc warrior shouts!
You hit the orc priest but do no damage.
The orc priest is heavily wounded.
You barely miss the orc warrior. The orc priest hits you with a club.
* * * LOW HITPOINT WARNING * * *
The orc warrior hits you with a hand axe.
* * * LOW HITPOINT WARNING * * *
You hit the orc priest.
The orc priest is heavily wounded.
You hit the orc warrior but do no damage.
The orc warrior misses you. The orc priest closely misses you.
You hit the orc priest but do no damage.
The orc priest is heavily wounded.
You hit the orc warrior. You barely miss the orc priest.
The orc priest is heavily wounded.
You hit the orc warrior. The orc priest barely misses you.
The orc warrior hits you with a hand axe.
You die...

#_......._# #_......._#
###.........### #⌠...........⌠#
######.8...÷...o.8.######
##∩._.......###......___∩##
###∩........8.# #.8........∩###
#.............###o............##
⌠..........###..@###..........⌠#
⌠..........# #.o.# #.........÷⌠#
⌠..........###...###..........⌠#
#.............###.............##
###∩........8.# #.8........∩###
##∩.__......###......___∩##
######.8.........8.######
#⌠...........⌠# ###.........###


You could see 2 orc warriors and an orc priest.

Vanquished Creatures
  A big kobold (D)
  Ijyb (D)
  A worm (D)
  2 giant cockroaches (D)
  2 hobgoblins (D)
  A ball python (D)
  3 goblins (D)
  A kobold (D)
12 creatures vanquished.

Notes
Turn   | Place    | Note
-------+----------+-------------------------------------------
     0 | D        | JustSomeDude the Demonspawn Gladiator began the quest for the Orb.
     0 | D        | Reached XP level 1. HP: 16/16 MP: 1/1
     1 | D        | Found a basalt altar of Yredelemnul.
     1 | D        | Found a deep blue altar of Sif Muna.
     2 | D        | Found an opulent altar of Gozag.
     2 | D        | Found an iron altar of Okawaru.
     3 | D        | Found a burning altar of Makhleb.
     3 | D        | Found an ancient bone altar of Kikubaaqudgha.
     4 | D        | Found Icevaroa's Do-It-Yourself Clinic.
     4 | D        | Found a glowing silver altar of Zin.
     4 | D        | Found a glowing golden altar of the Shining One.
     4 | D        | Found Fetiugh's Distillery.
     5 | D        | Found Bokk's Bottled Wisdom.
     5 | D        | Found Uforhien's Distillery.
     5 | D        | Round 1.
    24 | D        | Found a bloodstained altar of Trog.
    24 | D        | Found Liuxt's Weapon Rack.
    24 | D        | Found Yna Tise's Basic Armour.
    25 | D        | Found Keupisun's Miscellaneous Merchandise.
    30 | D        | Found Uckyex's Premium Goods.
    30 | D        | Found a corrupted altar of Lugonu.
    30 | D        | Found a stormy altar of Qazlal.
    41 | D        | Found a viscous altar of Jiyva.
    43 | D        | Found a hide-covered altar of Uskayaw.
    43 | D        | Found Hojunel's Identification Station.
    43 | D        | Found Oroqom's Advanced Armour.
    44 | D        | Found Avotwev's Jewellery.
    46 | D        | Became a worshipper of Jiyva Joast the Shapeless
    47 | D        | Found a roughly hewn altar of Beogh.
    47 | D        | Found Bouhy's Bee Food.
    63 | D        | Found a snail-covered altar of Cheibriados.
    66 | D        | Found a blossoming altar of Fedhas.
    66 | D        | Found a shadowy altar of Dithmenos.
    72 | D        | Reached skill level 3 in Axes
    73 | D        | Found a radiant altar of Vehumet.
    73 | D        | Found a sacrificial altar of Ru.
    73 | D        | Found a shimmering altar of Xom.
    73 | D        | Found Puik Hoka's Magic Scroll Shop.
    73 | D        | Found Meilu's Staff Store.
    78 | D        | Found Okhitul's Magic Scroll Shop.
    78 | D        | Found Xish's Must-Have Magic.
   120 | D        | Bought 3 potions of mutation for 168 gold pieces
   120 | D        | Gained mutation: Your system is resistant to poisons. (rPois) [potion of mutation]
   120 | D        | Gained mutation: Your magical capacity is low. (-10% MP) [potion of mutation]
   120 | D        | Gained mutation: You have sharp toenails. [potion of mutation]
   121 | D        | Lost mutation: You have sharp toenails. [potion of mutation]
   121 | D        | Lost mutation: Your magical capacity is low. (-10% MP) [potion of mutation]
   121 | D        | Gained mutation: Your spells are a little harder to cast, but a little more powerful. [potion of mutation]
   121 | D        | Gained mutation: You are agile. (Dex +2) [potion of mutation]
   121 | D        | Gained mutation: You have large cloven feet. [potion of mutation]
   122 | D        | Lost mutation: Your system is resistant to poisons. (rPois) [potion of mutation]
   122 | D        | Lost mutation: You have large cloven feet. [potion of mutation]
   122 | D        | Lost mutation: Your spells are a little harder to cast, but a little more powerful. [potion of mutation]
   122 | D        | Lost mutation: You are agile. (Dex +2) [potion of mutation]
   122 | D        | Gained mutation: You are weak. (Str -2) [potion of mutation]
   122 | D        | Gained mutation: You are agile. (Dex +2) [potion of mutation]
   156 | D        | Arena points: 14 (+14) [x2]
   156 | D        | Gained mutation: You have sharp fingernails. [demonic ancestry]
   156 | D        | Reached XP level 2. HP: 22/22 MP: 2/2
   181 | D        | Round 2.
   190 | D        | Noticed a big kobold
   215 | D        | Killed a big kobold
   215 | D        | Reached skill level 5 in Axes
   215 | D        | Reached skill level 1 in Armour
   215 | D        | Gained mutation: You have very sharp fingernails. [demonic ancestry]
   215 | D        | Reached XP level 3. HP: 29/29 MP: 3/3
   215 | D        | Reached XP level 4. HP: 35/35 MP: 4/4
   319 | D        | Noticed Ijyb
   340 | D        | Killed Ijyb
   340 | D        | Arena points: 56 (+42) [x3]
   340 | D        | Reached skill level 6 in Axes
   358 | D        | Round 3.
   377 | D        | Noticed an orc warrior
   386 | D        | Noticed an orc warrior
   386 | D        | HP: 1/36 [orc warrior/hand axe (1)]
   389 | D        | Slain by an orc warrior

Skill      XL: |  1  2  3  4 |
---------------+-------------+-----
Dodging        | 3 4 |  4.9
Axes           | 3 5 6 |  6.5
Throwing       | 2 |  2.5
Fighting       | 3 |  3.6
Armour         | 1 |  1.8

Action                   |  1- 3 |  4- 6 || total
-------------------------+-------+-------++-------
Melee: War axe           |    37 |    34 ||    71
  Use: Potion            |     8 |     2 ||    10
Armor: Leather armour    |     7 |     7 ||    14
Dodge: Dodged            |    23 |    16 ||    39
